 Dungeon Crawl Stone Soup version 0.23-a0-241-g3b46b07 (webtiles) character file.

9 galech the Skirmisher (level 2, 15/24 HPs)
             Began as a Demonspawn Fighter on Sept 26, 2018.
             Quit the game on level 1 of the Dungeon.
             The game lasted 00:00:21 (244 turns).

galech the Skirmisher (Demonspawn Fighter)           Turns: 244, Time: 00:00:21

Health: 15/24      AC:  6    Str: 16    XL:     2   Next: 6%
Magic:  2/2        EV:  6    Int:  9    God:
Gold:   63         SH:  8    Dex: 12    Spells: 1/1 levels left

rFire    . . .     SeeInvis .   a - +0 war axe
rCold    . . .     Gourm    .   c - +0 shield
rNeg     . . .     Faith    .   b - +0 scale mail
rPois    .         Spirit   .   (no helmet)
rElec    .         Reflect  .   (no cloak)
rCorr    .         Harm     .   (no gloves)
MR       .....                  (no boots)
Stlth    ..........             (no amulet)
HPRegen  0.08/turn              (no ring)
MPRegen  0.08/turn              (no ring)

@: no status effects
A: claws 1
a: no special abilities


You were on level 1 of the Dungeon.
You were not hungry.

You visited 1 branch of the dungeon, and saw 1 of its levels.

You collected 63 gold pieces.

Inventory:

Hand Weapons
 a - a +0 war axe (weapon)
Armour
 b - a +0 scale mail (worn)
 c - a +0 shield (worn)
Jewellery
 e - an uncursed ring of resist corrosion {unknown}
Scrolls
 h - 3 scrolls of identify {unknown}
 i - a scroll of fear {unknown}
 j - a scroll of enchant weapon {unknown}
Potions
 d - a potion of might
Comestibles
 f - 3 rations
 g - 2 chunks of flesh


   Skills:
 + Level 3.1 Fighting
 + Level 1.8 Axes
 + Level 2.9 Armour
 + Level 2.9 Shields


You had one spell level left.
You didn't know any spells.
Your spell library was empty.

Dungeon Overview and Level Annotations

Branches:
Dungeon (1/15)

Altars:


Innate Abilities, Weirdness & Mutations

You have sharp fingernails.


Message History

Some of the chunks of flesh in your inventory have rotted away.
Found a grey potion.
You hit the jackal.
The jackal is moderately wounded.
Your shield prevents you from hitting the jackal.
You completely miss the jackal. The jackal bites you.
The jackal bites you but does no damage.
The jackal bites you. You block the jackal's attack.
The jackal bites you but does no damage.
You slash the jackal!
You kill the jackal!
You have reached level 2!
Your demonic ancestry asserts itself...
Your fingernails lengthen.
You hit the jackal.
You kill the jackal!
Your shield and scale mail prevent you from hitting the jackal.
The jackal bites you but does no damage.
The jackal bites you. The jackal barely misses you.
Are you sure you want to abandon this character and quit the game? (Confirm

.###.#.# #.# ..#+####...#.....#.
.....#.###.###......######.....#.
.....#..............# ###+###.
....................# #.
..........#........$# #.
.###........)....>..# #. .#
#...##.#.####....# #.
.###...##.#......# #.
#......##.######@# #. #......##.#
#..lhh..# ## #......##.#
#.......# .......##.. #.........
#...####### #.!......## #...#
.........# #...# ###.......#
#...# #......## #...#


You could see 2 jackals and a frilled lizard.

Vanquished Creatures
  A giant cockroach (D:1)
  A goblin (D:1)
  2 jackals (D:1)
  2 kobolds (D:1)
  A bat (D:1)
  A rat (D:1)
8 creatures vanquished.

Notes
Turn   | Place    | Note
-------+----------+-------------------------------------------
     0 | D:1      | galech the Demonspawn Fighter began the quest for the Orb.
     0 | D:1      | Reached XP level 1. HP: 18/18 MP: 1/1
   243 | D:1      | Gained mutation: You have sharp fingernails. [demonic
                  | ancestry]
   243 | D:1      | Reached XP level 2. HP: 18/24 MP: 2/2
   244 | D:1      | Quit the game

Vault maps used:
D:1:      minmay_arrival_stair_chambers, glass_columns_a,
          kennysheep_decorative_pillar, corexii_item_surrounded_by_moat

Action                   || total
-------------------------++-------
Melee: War axe           ||    20
Armor: Scale mail        ||    11
Dodge: Dodged            ||     5
Block: Shield            ||    13

Table legend:
 A = Non-vault XP
 B = Vault XP
 C = Vault XP percentage of total XP
 D = Non-vault monster count
 E = Vault monster count
 F = Vault count percentage of total count
                 A         B        C        D         E       F
            +---------+---------+-------+---------+---------+-------
      Total |      14 |       0 |   0.0 |       8 |       0 |   0.0
            +---------+---------+-------+---------+---------+-------
        D:1 |      14 |       0 |   0.0 |       8 |       0 |   0.0
            +---------+---------+-------+---------+---------+-------
